Map: Zen LE

Players

yawarpc

  • Race: Protoss Protoss
  • League: Silver
  • Spawn Location: 7:00

Ratl - Winner!

  • Race: Protoss Protoss
  • League: Silver
  • Spawn Location: 1:00

VOD

Have the link to the VOD?

Description

Time

  • Played on: Jan. 31, 2020, 3:42 p.m.
  • Length: 9:49
Show
View Real Time Build Order
Export as new Build Order

yawarpc Protoss 

Build Orders:  

Get SALT Encoding   

  12  0:01  Probe  
  13  0:17  Probe  
  13  0:21  Pylon  
  14  0:29  Probe  
  15  0:49  Gateway  
  15  0:50  Gateway  
  15  0:54  Assimilator  
  15  0:56  Probe  
  16  1:08  Forge  
  16  1:10  Probe  
  17  1:30  Assimilator  
  17  1:31  Probe  
  18  1:40  Pylon  
  18  1:42  Cybernetics Core  
  18  1:45  Probe  
  19  1:57  Probe  
  20  2:09  Probe  
  20  2:13  Warp Gate (Chrono Boost)  
  21  2:24  Nexus  
  21  2:27  Probe  
  22  2:50  Probe  
  23  3:08  Pylon  
  23  3:11  Pylon  
  23  3:17  Robotics Facility  
  23  3:18  Stargate  
  23  3:22  Photon Cannon  
  23  3:24  Shield Battery  
  23  3:40  Photon Cannon  
  23  3:42  Stalker  
  23  3:47  Stalker  
  27  4:16  Pylon  
  27  4:20  Pylon  
  27  4:26  Warp Prism  
  27  4:27  Pylon  
  29  4:40  Assimilator  
  29  4:41  Probe (Chrono Boost)  
  31  4:51  Probe x2 (Chrono Boost)  
  32  4:56  Probe (Chrono Boost)  
  33  5:04  Void Ray  
  37  5:07  Probe  
  36  5:23  Photon Cannon  
  36  5:25  Photon Cannon  
  36  5:28  Photon Cannon  
  36  5:34  Stalker  
  30  5:53  Pylon  
  27  6:02  Photon Cannon  
  27  6:09  Stalker x2  
  31  6:17  Gateway  
  29  6:33  Stalker  
  29  6:41  Warp Prism  
  31  7:03  Nexus  
  31  7:07  Zealot  
  33  7:39  Probe (Chrono Boost)  
  34  7:49  Probe (Chrono Boost)  
  35  7:54  Probe (Chrono Boost)  
  36  8:06  Probe (Chrono Boost)  
  37  8:15  Probe (Chrono Boost)  
  39  8:23  Stalker x3  
  39  8:24  Probe (Chrono Boost)  
  39  8:26  Probe (Chrono Boost)  
  46  8:30  Probe (Chrono Boost)  
  46  8:31  Pylon  
  47  8:34  Pylon  
  47  8:38  Pylon  
  47  8:41  Probe, Gateway  
  47  8:47  Gateway  
  48  8:53  Probe  
  49  8:57  Stalker x2  
  53  9:06  Probe  
  44  9:33  Stalker x3  
Show
View Real Time Build Order
Export as new Build Order

Ratl Protoss - Winner!

Build Orders:  

Get SALT Encoding   

  12  0:01  Probe  
  13  0:14  Probe  
  14  0:18  Pylon  
  14  0:26  Probe  
  15  0:38  Gateway  
  15  0:39  Probe  
  16  0:49  Assimilator  
  16  0:51  Probe (Chrono Boost)  
  17  1:00  Assimilator  
  17  1:03  Probe (Chrono Boost)  
  18  1:11  Probe (Chrono Boost)  
  19  1:15  Gateway  
  19  1:18  Probe  
  20  1:30  Probe, Cybernetics Core  
  21  1:38  Pylon  
  21  1:42  Probe  
  22  1:54  Probe  
  23  2:06  Warp Gate (Chrono Boost), Probe  
  24  2:10  Stalker  
  24  2:12  Stalker  
  28  2:18  Probe  
  29  2:30  Probe  
  30  2:46  Nexus  
  30  2:54  Probe  
  31  3:09  Pylon  
  31  3:27  Stalker x2  
  31  3:28  Probe  
  36  3:35  Robotics Facility  
  36  3:40  Probe  
  37  3:52  Probe  
  38  4:01  Gateway  
  38  4:02  Gateway  
  38  4:16  Probe x2  
  40  4:27  Observer  
  40  4:28  Probe  
  40  4:29  Probe  
  40  4:31  Stalker x2  
  47  4:40  Probe  
  47  4:41  Probe  
  49  4:49  Immortal  
  53  4:53  Robotics Bay  
  53  5:00  Pylon  
  53  5:10  Twilight Council  
  53  5:26  Probe x2  
  55  5:38  Probe x2  
  57  5:48  Immortal  
  61  5:50  Probe  
  62  6:18  Nexus  
  62  6:19  Pylon  
  62  6:20  Pylon  
  62  6:29  Probe x2, Assimilator  
  62  6:31  Assimilator  
  60  6:35  Extended Thermal Lance  
  60  6:37  Immortal (Chrono Boost)  
  64  6:41  Probe x2  
  66  6:48  Blink  
  66  6:53  Probe x2  
  68  7:05  Probe x2  
  68  7:07  Colossus (Chrono Boost)  
  76  7:17  Probe x2  
  78  7:25  Pylon  
  78  7:26  Forge  
  78  7:29  Forge  
  78  7:31  Pylon  
  78  7:33  Probe x3  
  81  7:45  Probe  
  81  7:48  Assimilator  
  81  7:49  Assimilator  
  82  7:55  Gateway  
  82  7:56  Colossus (Chrono Boost)  
  82  7:57  Gateway  
  82  7:59  Gateway  
  82  8:01  Gateway  
  82  8:04  Pylon  
  88  8:18  Stalker x3  
  88  8:19  Stalker  
  96  8:43  Colossus  
  102  8:49  Robotics Facility  
  102  9:02  Probe x2  
  104  9:03  Probe  
  103  9:14  Probe  
Tags
 
Matchup
PvP
Spawn Locations
Cross Positions
Add a new tag
Caveats
  • Supply blocks, unpowered buildings, or Contaminate may cause inaccurate times.
  • Supply counts are checked every 10 seconds.